 Dungeon Crawl Stone Soup version 0.17-a0-1637-g5d65775 (webtiles) character file.

2353 Gorice the Cruncher (level 9, -11/64 HPs)
             Began as an Octopode Wanderer on Aug 7, 2015.
             Was a Follower of Okawaru.
             Killed from afar by Erolcha (21 damage)
             ... with a bolt of poison
             ... on level 8 of the Dungeon.
             The game lasted 00:50:14 (9124 turns).

Gorice the Cruncher (Octopode Wanderer)             Turns: 9124, Time: 00:50:15

Health: -11/64     AC:  1    Str: 12    XL:     9   Next: 43%
Magic:  7/9        EV: 15    Int: 15    God:    Okawaru [*.....]
Gold:   272        SH:  0    Dex: 18    Spells: 0 memorised, 8 levels left

rFire  . . .     SeeInvis .     b - +2 hand crossbow
rCold  . . .     Clarity  .     (no shield)
rNeg   . . .     SustAt   +     (helmet restricted)
rPois  .         Gourm    +     L - amulet of the gourmand
rElec  .         Spirit   .     p - +2 ring of dexterity
rCorr  .         Warding  .     H - +3 ring of intelligence
rMut   .         Stasis   .     P - ring of sustain attributes
MR     .....                    Q - ring of flight
Stlth  +++++.....               (no ring)
                                (no ring)
                                (no ring)
                                (no ring)

@: lethally poisoned (-11 -> -16), heroism, slowed, very slow, not resistant to
hostile enchantments, quite stealthy
A: almost no armour, amphibious, 8 rings, constrict 8, camouflage 1, gelatinous
body 1
a: Heroism, Renounce Religion, Evoke Flight


You were on level 8 of the Dungeon.
You worshipped Okawaru.
Okawaru was aware of your devotion.
You were very full.

You visited 2 branches of the dungeon, and saw 9 of its levels.
You also visited: Ossuary.

You collected 272 gold pieces.

Inventory:

Hand weapons
 a - a +1 quarterstaff
 b - a +2 hand crossbow (weapon)
 e - a +0 dagger
 k - a +0 short sword
 o - a +2 dagger of holy wrath
   (You took it off a kobold on level 2 of the Dungeon)
 r - a +0 broad axe
 y - a +0 battleaxe of electrocution
   (You found it on level 4 of the Dungeon)
 C - a +0 halberd of flaming
   (You found it on level 4 of the Dungeon)
Missiles
 g - 12 bolts (quivered)
 v - 4 curare-tipped needles
 S - 5 tomahawks
 W - 15 poisoned needles
 Z - 230 stones
Jewellery
 p - a +2 ring of dexterity (left tentacle)
 A - an uncursed ring of fire
 H - a +3 ring of intelligence (right tentacle)
 L - an amulet of the gourmand (around mantle)
 P - a ring of sustain attributes (on tentacle)
 Q - a ring of flight (on tentacle)
Magical devices
 u - a wand of random effects (28)
 R - a wand of disintegration (13)
Scrolls
 q - a scroll of enchant armour
 t - 2 scrolls of immolation {!r}
 w - 2 scrolls of remove curse
 F - 2 scrolls of teleportation {!r}
 I - 2 scrolls of magic mapping {!r}
 K - a scroll of amnesia
 M - 2 scrolls of recharging
 T - a scroll of fear {!r}
Potions
 c - 6 potions of curing
 d - a potion of lignification {!q}
 h - 2 potions of cancellation {!q}
 i - 4 potions of agility {!q}
 l - a potion of ambrosia {!q}
 m - 2 potions of haste {!q}
 n - 3 potions of berserk rage
 x - a potion of magic {!q}
 D - a potion of cure mutation {unknown}
 E - 2 potions of might {!q}
 G - 2 potions of brilliance {unknown}
 X - a potion of invisibility {unknown}
Books
 j - a book of Party Tricks
 V - a book of Spatial Translocations
Comestibles
 f - 2 bread rations {!e}
 s - 2 slices of pizza
 z - 3 meat rations {!e}
 B - 3 fruits
 O - a beef jerky


   Skills:
 + Level 7.4(12.4) Fighting
 * Level 8.3(13.3) Staves
 - Level 7.9(12.9) Crossbows
 - Level 2.6(7.6) Stealth


You had 8 spell levels left.
You didn't know any spells.

Dungeon Overview and Level Annotations

Branches:
Dungeon (8/15)             Temple (1/1) D:4
   Lair: D:8-11

Altars:
Ashenzari
Cheibriados
Dithmenos
Elyvilon
Fedhas
Gozag
Kikubaaqudgha
Makhleb
Nemelex Xobeh
Okawaru
Qazlal
Ru
Sif Muna
Trog
Vehumet
Xom
Yredelemnul
Zin
The Shining One

Shops:
D:7 :

Annotations:
D:3 Ajdolov's ghost, average TeCj
D:6 urechis's ghost, experienced GrWz
D:7 exclusion: oklob plant
D:8 Erolcha; Prince Ribbit


Innate Abilities, Weirdness & Mutations

You cannot wear most types of armour.
You are amphibious.
You can wear up to eight rings at the same time.
You can use your tentacles to constrict eight enemies at once.
Your skin changes colour to match your surroundings (Stealth).
Your rubbery body absorbs attacks (AC +1).


Message History

You feel sick.
Damage: 1 (max 1)
You feel sick.
Damage: 1 (max 1)
You feel sick.
Damage: 1 (max 1)
You feel sick. Erolcha gestures at you while chanting.
You are confused.
Unknown command.
You bump into the rock wall.
You feel sick.
Damage: 1 (max 1) Drink which item? (? for menu, Esc to quit)
You feel better.
Use which ability? (? or * to list)
You gain the combat prowess of a mighty hero.
You feel slightly less full. Erolcha casts a spell at you.
You resist with some effort.
Firing (i - inventory. (,) - cycle):
g - 16 bolts (quivered)
Press: ? - help, Shift-Dir - straight line, f - Erolcha
Aim: Erolcha, wielding a giant club and wearing a robe You shoot a bolt.
The bolt hits Erolcha!
Erolcha is lightly wounded.
Erolcha gestures at you while chanting. The orb of energy misses you.
The orb of energy explodes!
Firing (i - inventory. (,) - cycle):
g - 15 bolts (quivered)
Press: ? - help, Shift-Dir - straight line, f/p - Erolcha
Aim: Erolcha, wielding a giant club and wearing a robe (lightly wounded)
You shoot a bolt. The bolt hits Erolcha.
Erolcha is moderately wounded.
Erolcha gestures at you while chanting.
You feel yourself slow down.
Firing (i - inventory. (,) - cycle):
g - 14 bolts (quivered)
Press: ? - help, Shift-Dir - straight line, f/p - Erolcha
Aim: Erolcha, wielding a giant club and wearing a robe (moderately wounded)
You shoot a bolt. The bolt hits Erolcha!
Erolcha is moderately wounded.
Firing (i - inventory. (,) - cycle):
g - 13 bolts (quivered)
Press: ? - help, Shift-Dir - straight line, f/p - Erolcha
Aim: Erolcha, wielding a giant club and wearing a robe (moderately wounded)
You shoot a bolt. The bolt hits Erolcha!
Erolcha is severely wounded.
Erolcha points at you and mumbles some strange words.
The orb of energy hits you!
* * * LOW HITPOINT WARNING * * *
Erolcha gestures at you while chanting. The bolt of poison hits you!
You are poisoned.
You die...

##)#.# ##...#
#....######
####..........
.F..F.>.......
.#####.#################
.....#.(§.O.§§§§§§O§...#
.....#################.#
.....# #<.......@..O(..#
#....###################
............
#....####### ######


You could see Erolcha.

Vanquished Creatures
  A sky beast (D:5)
  2 black bears
  A centaur (D:7)
  4 elf zombies (Ossuary)
  2 giant frogs (D:8)
  A scorpion (D:8)
  8 jellies
  6 centaur zombies
  A crimson imp (D:6)
  2 giant frog zombies
  A hound (D:4)
  2 giant frog skeletons
  3 human zombies (Ossuary)
  An iguana (D:8)
  5 orc wizards
  A centaur skeleton (D:8)
  Jessica (D:2)
  4 orc priests
  5 worker ants
  A hound zombie (D:5)
  3 mummies (Ossuary)
  A worker ant zombie (D:7)
  Robin (D:3)
  5 adders
  7 gnolls
  A shadow imp (D:6)
  8 oozes
  3 worms
  10 giant geckos
  15 orcs
  10 hobgoblins
  9 jackals
  11 kobolds
  10 bats
  7 giant cockroaches
  A giant cockroach zombie (D:5)
  A giant gecko skeleton (D:4)
  5 giant newts
  18 goblins
  3 quokkas
  A quokka skeleton (D:6)
  9 rats
191 creatures vanquished.

Vanquished Creatures (others)
  An ooze (D:7)
  A giant gecko (D:8)
  An orc (D:4)
  8 fungi (D:7)
11 creatures vanquished.

Grand Total: 202 creatures vanquished

Notes
Turn   | Place    | Note
--------------------------------------------------------------
     0 | D:1      | Gorice the Octopode Wanderer began the quest for the Orb.
     0 | D:1      | Gorice set off with: a +2 hand crossbow, 26 bolts, a potion of curing, a potion of lignification {!q}, a +0 dagger, a bread ration {!e}
     0 | D:1      | Reached XP level 1. HP: 16/16 MP: 1/1
    61 | D:1      | Reached XP level 2. HP: 15/21 MP: 2/2
   354 | D:1      | Reached XP level 3. HP: 26/26 MP: 3/3
   968 | D:2      | Reached skill level 6 in Crossbows
  1045 | D:2      | Reached XP level 4. HP: 31/31 MP: 4/4
  1290 | D:2      | Noticed Jessica
  1291 | D:2      | Killed Jessica
  1543 | D:2      | Reached XP level 5. HP: 37/37 MP: 5/5
  1594 | D:2      | Found a sacrificial altar of Ru.
  1812 | D:3      | Noticed Robin
  2219 | D:3      | Noticed Ajdolov's ghost (average TeCj)
  2533 | D:3      | Reached skill level 4 in Fighting
  2717 | D:4      | Found a bloodstained altar of Trog.
  2721 | D:4      | Found a sparkling altar of Nemelex Xobeh.
  2723 | D:4      | Found a snail-covered altar of Cheibriados.
  2723 | D:4      | Found a burning altar of Makhleb.
  2723 | D:4      | Found a shimmering altar of Xom.
  2726 | D:4      | Found a glowing silver altar of Zin.
  2727 | D:4      | Found a shadowy altar of Dithmenos.
  2728 | D:4      | Found a radiant altar of Vehumet.
  2729 | D:4      | Found an ancient bone altar of Kikubaaqudgha.
  2756 | D:4      | Reached skill level 7 in Crossbows
  2799 | D:4      | Reached XP level 6. HP: 43/43 MP: 6/6
  2881 | D:4      | Found a glowing golden altar of the Shining One.
  2884 | D:4      | Noticed an angel
  2899 | D:4      | Found a basalt altar of Yredelemnul.
  2901 | D:4      | Noticed a profane servitor
  2917 | D:4      | Found a staircase to the Ecumenical Temple.
  3040 | D:4      | Found a sand-covered staircase.
  3054 | Ossuary  | Entered an ossuary
  3117 | Ossuary  | HP: 11/44 [elf zombie (5)]
  3119 | Ossuary  | HP: 5/44 [elf zombie (6)]
  3312 | Ossuary  | Reached XP level 7. HP: 29/49 MP: 7/7
  3456 | Ossuary  | HP: 13/49 [human zombie (4)]
  3457 | Ossuary  | Reached skill level 5 in Fighting
  3457 | Ossuary  | Reached skill level 1 in Staves
  3666 | Ossuary  | Reached skill level 2 in Staves
  4053 | Ossuary  | Reached skill level 3 in Staves
  4389 | D:4      | Reached XP level 8. HP: 55/57 MP: 8/8
  4708 | Temple   | Entered the Ecumenical Temple
  4803 | Temple   | Became a worshipper of Warmaster Okawaru
  4874 | D:3      | Killed Robin
  4996 | D:5      | Entered Level 5 of the Dungeon
  5157 | D:5      | Reached skill level 4 in Staves
  5377 | D:5      | Reached skill level 6 in Fighting
  5659 | D:6      | Noticed urechis's ghost (experienced GrWz)
  5742 | D:6      | Reached skill level 5 in Staves
  6242 | D:6      | HP: 17/58 [poisoned by a worker ant]
  6247 | D:6      | HP: 16/58 [poisoned by a worker ant]
  6254 | D:6      | HP: 16/58 [poisoned by a worker ant]
  6262 | D:6      | HP: 15/58 [poisoned by a worker ant]
  6596 | D:7      | Found Jughes's Book Shoppe.
  6634 | D:7      | Acquired Okawaru's first power
  6641 | D:7      | Reached skill level 6 in Staves
  6957 | D:6      | HP: 16/58 [urechis's ghost (8)]
  7522 | D:7      | Noticed an oklob plant
  7624 | D:7      | Reached XP level 9. HP: 38/63 MP: 9/9
  7817 | D:6      | Reached skill level 7 in Staves
  8029 | D:7      | Reached skill level 7 in Fighting
  8071 | D:7      | HP: 12/64 [centaur (9)]
  8076 | D:7      | HP: 12/64 [centaur (7)]
  8076 | D:7      | HP: 2/64 [centaur (10)]
  8700 | D:8      | Reached skill level 8 in Staves
  8716 | D:8      | HP: 14/64 [iguana (7)]
  8724 | D:8      | HP: 14/64 [poisoned by a scorpion]
  8732 | D:8      | HP: 13/64 [poisoned by a scorpion]
  9097 | D:8      | Noticed Erolcha
  9099 | D:8      | Noticed Prince Ribbit
  9124 | D:8      | HP: 10/64 [Erolcha/orb of energy (23)]
  9124 | D:8      | Killed from afar by Erolcha

Vault maps used:
D:1:      sevenhm_arrival_forest_fort_large_4
D:2:      wad_river_or_something, nicolae_ru_the_path_less_chosen, uniq_jessica
D:3:      first_bread, uniq_robin
D:4:      grunt_temple_overflow_holy_war, minitemple,
          minmay_temple_entry_statues, lightli_ossuary_entry_decrepit_ruins,
          minmay_unequal
D:7:      lemuel_slime, serial_shops, shop, uniq_crazy_yiuf_cottage
D:8:      grunt_pizzeria, uniq_prince_ribbit1, uniq_pikel, uniq_erolcha
Temple:   nicolae_temple_great_sept
Ossuary:  ossuary_minmay_four_chambers

Action                   |  1- 3 |  4- 6 |  7- 9 || total
-------------------------+-------+-------+-------++-------
Melee: Hand crossbow     |     1 |       |       ||     1
       Quarterstaff      |     7 |    56 |   163 ||   226
 Fire: Hand crossbow     |    61 |    86 |   150 ||   297
Invok: Heroism           |       |       |     3 ||     3
Evoke: Wand              |       |       |     1 ||     1
  Use: Scroll            |     4 |     7 |    11 ||    22
       Potion            |       |     1 |     5 ||     6
 Stab: Sleeping          |     2 |     8 |     4 ||    14
       Distracted        |       |     1 |       ||     1
  Eat: Chunk             |       |     7 |    21 ||    28
       Beef jerky        |       |       |     2 ||     2
       Pizza             |       |       |     1 ||     1

Table legend:
 A = Turns spent in this place as a percentage of turns spent in the entire game.
 B = Non-inter-level travel turns spent in this place as a percentage of non-inter-level travel turns spent in the entire game.
 C = Inter-level travel turns spent in this place as a percentage of turns spent in this place.
 D = Turns resting spent in this place as a percentage of non-inter-level travel turns spent in this place.
 E = Turns spent auto-exploring this place as a percentage of non-inter-level travel turns spent in this place.
 F = Non-inter-level travel turns spent in this place divided by the number of levels of this place that you've seen.
                   A       B       C       D       E      F
               +-------+-------+-------+-------+-------+----------------------
         Total | 100.0 | 100.0 |   1.0 |   1.8 |   4.3 | 311.4
       Dungeon |  86.6 |  86.5 |   1.1 |   1.5 |   4.6 | 336.6
        Temple |   1.5 |   1.5 |   0.0 |   0.0 |  16.7 |  48.0
       Ossuary |  11.9 |  12.0 |   0.0 |   3.8 |   0.3 | 373.0
               +-------+-------+-------+-------+-------+----------------------

Vault maps used:
D:1:      sevenhm_arrival_forest_fort_large_4
D:2:      wad_river_or_something, nicolae_ru_the_path_less_chosen, uniq_jessica
D:3:      first_bread, uniq_robin
D:4:      grunt_temple_overflow_holy_war, minitemple,
          minmay_temple_entry_statues, lightli_ossuary_entry_decrepit_ruins,
          minmay_unequal
D:7:      lemuel_slime, serial_shops, shop, uniq_crazy_yiuf_cottage
D:8:      grunt_pizzeria, uniq_prince_ribbit1, uniq_pikel, uniq_erolcha
Temple:   nicolae_temple_great_sept
Ossuary:  ossuary_minmay_four_chambers
